 Dungeon Crawl Stone Soup version 0.28-a0-422-gd71735cc25 (webtiles) character file.

Game seed: 4025798157806726583

41 avis the Insei (level 3, 0/24 HPs)
             Began as an Octopode Transmuter on Sept 9, 2021.
             Slain by a gnoll (5 damage)
             ... on level 2 of the Dungeon.
             The game lasted 00:08:38 (1718 turns).

avis the Insei (Octopode Transmuter)                Turns: 1718, Time: 00:08:39

Health: 0/24       AC:  1    Str: 10    XL:     3   Next: 52%
Magic:  5/6        EV: 13    Int: 15    God:
Gold:   36         SH:  0    Dex: 12    Spells: 2/6 levels left

rFire   . . .      SeeInvis .     - Unarmed
rCold   . . .      Faith    .   (no shield)
rNeg    . . .      Spirit   .   (helmet currently unavailable)
rPois   .          Reflect  .   (no amulet)
rElec   .          Harm     .   (no ring)
rCorr   .          Rampage  .   (no ring)
Will    .....                   (no ring)
Stlth   ++++......              (no ring)
HPRegen 0.08/turn               (no ring)
MPRegen 0.10/turn               (no ring)
                                (no ring)
                                (no ring)

@: appendages
A: tentacle spike 3, almost no armour, amphibious, 8 rings, camouflage 1,
gelatinous body 1, nimble swimmer 1, tentacles
a: End Transformation


You were on level 2 of the Dungeon.
One of your tentacles had grown a beastly spike.
You visited 1 branch of the dungeon, and saw 2 of its levels.

You collected 36 gold pieces.

Inventory:

Hand Weapons
 d - a +0 dagger
Missiles
 b - 9 arrows
 e - 111 stones
 g - 18 sling bullets
Scrolls
 a - 2 scrolls of enchant armour {unknown}
 f - a scroll of noise {unknown}
 j - 3 scrolls of magic mapping {unknown}
 k - a scroll of acquirement {unknown}
 m - a scroll of enchant weapon {unknown}
Potions
 c - 2 potions of attraction {unknown}
 h - a potion of flight {unknown}
 i - a potion of heal wounds {unknown}
 l - a potion of cancellation {unknown}


   Skills:
 - Level 2.0 Fighting
 - Level 2.0 Dodging
 - Level 2.0 Stealth
 - Level 3.0 Unarmed Combat
 - Level 2.0 Spellcasting
 + Level 2.2 Transmutations
 - Level 2.0 Poison Magic


You had 2 spell levels left.
You knew the following spells:

 Your Spells              Type           Power      Damage    Failure   Level
a - Beastly Appendage     Tmut           16%        N/A       9%          1
p - Spider Form           Tmut/Pois      3%         N/A       28%         3

Your spell library contained the following spells:

 Spells                   Type           Power      Damage    Failure   Level
 Wereblood                Tmut           8%         N/A       13%         2
 Ensorcelled Hibernation  Hex/Ice        2%         N/A       32%         2
 Tukima's Dance           Hex            1%         N/A       54%         3
 Ice Form                 Ice/Tmut       4%         N/A       80%         4


Dungeon Overview and Level Annotations

Branches:
Dungeon (2/15)

Altars:


Innate Abilities, Weirdness & Mutations

One of your tentacles has grown a beastly spike.
You cannot wear most types of armour.
You are amphibious.
You can wear up to eight rings at the same time.
Your skin changes colour to match your surroundings (Stealth+).
Your rubbery body absorbs attacks. (AC +1, EV +1)
You are camouflaged near water. (Stealth+)
You have tentacles for arms and can constrict up to eight enemies at once.


Message History

The helpless spectral kobold fails to defend itself.
You tentacle-slap the spectral kobold but do no damage.
You pierce the spectral kobold.
The spectral kobold is severely damaged.
The spectral kobold closely misses you.
You tentacle-slap the spectral kobold.
You destroy the spectral kobold!
Your transformation is almost over.
Your tentacle spike disappears.
A gnoll comes into view. It is wielding a +0 club.
The gnoll shouts!
You hear a shout! x3
Casting: Beastly Appendage (safe; 9% risk of failure)
Confirm with . or Enter, or press ? or * to list all spells.
One of your tentacles grows a vicious spike.
A gnoll comes into view. It is wielding a +0 flail.
An adder comes into view.
A gnoll comes into view. It is wielding a +0 spear.
A gnoll comes into view. It is wielding a +0 club.
The gnoll shouts!
You closely miss the gnoll. Your grab misses the gnoll.
The gnoll hits you with a +0 club.
You tentacle-slap the gnoll. You grab the gnoll.
You pierce the gnoll.
The gnoll is moderately wounded.
You constrict the gnoll. The gnoll hits you with a +0 club!
You release your grip on the gnoll.
Your transformation is almost over.
A gnoll opens the gate.
Okay, then.
Casting: Beastly Appendage (safe; 9% risk of failure)
Confirm with . or Enter, or press ? or * to list all spells.
You extend your transformation's duration.
The gnoll hits you with a +0 club! The gnoll hits you with a +0 club.
* * * LOW HITPOINT WARNING * * *
Unknown command.
Unknown command.
You tentacle-slap the gnoll. You grab the gnoll.
The gnoll is almost dead.
You constrict the gnoll. The gnoll hits you with a +0 club.
You die...

#..##≈g≈≈≈#..#
#.≈g..≈≈≈#.≈.#
#..'..≈≈.#.≈^#
#g≈'≈.≈._#≈≈.#### #
#.≈'≈≈≈..#.≈....# #
##.#≈.≈..#≈≈....# #
#g##.≈.≈#≈.....# #
#≈g##≈≈.≈#.....# #
###@..#≈8#≈....#####
###≈≈≈##.....##...
#.≈≈.≈.....##.##
#######>#####.##
#.#####...
#)#.....##
#.#.....##
#.#.......
#........#


You could see 3 gnolls.

Vanquished Creatures
  3 bats
  3 endoplasms (D:1)
  3 giant cockroaches
  5 goblins
  A hobgoblin (D:1)
  5 kobolds
  3 quokkas (D:1)
  6 ball pythons
  4 rats (D:1)
  A spectral kobold (D:2)
34 creatures vanquished.

Notes
Turn   | Place    | Note
-------+----------+-------------------------------------------
     0 | D:1      | avis the Octopode Transmuter began the quest for the Orb.
     0 | D:1      | Reached XP level 1. HP: 13/13 MP: 3/3
   288 | D:1      | Reached XP level 2. HP: 17/19 MP: 3/5
   335 | D:1      | Reached skill level 1 in Stealth
   732 | D:1      | Reached skill level 1 in Poison Magic
   829 | D:1      | Reached XP level 3. HP: 23/24 MP: 6/6
   834 | D:1      | Learned a level 3 spell: Spider Form
  1651 | D:2      | Found a faded altar of an unknown god.
  1718 | D:2      | Slain by a gnoll

Illustrated notes

Levels and vault maps discovered:
D:1:      dpeg_arrival_boxorama, layout_basic
D:2:      layout_basic, dreamdust_ecumenical_altar_drowned_temple

Skill      XL: |  1  2  3 |
---------------+----------+-----
Fighting       | 2 |  2.0
Stealth        | 2 |  2.0
Poison Magic   | 1 2 |  2.0
Dodging        | |  2.0
Unarmed Combat | |  3.0
Spellcasting   | |  2.0
Transmutations | |  2.2

Action                   || total
-------------------------++-------
Melee: Unarmed           ||    75
       Tentacles         ||     9
       Constrict         ||    18
       Kick              ||    15
       Punch             ||     1
 Cast: Beastly Appendage ||    31
 Stab: Sleeping          ||    10
       Distracted        ||     1
Armor: Skin              ||     3
Dodge: Dodged            ||    35

Table legend: (Time is in decaauts)
 A = Elapsed time spent in this place.
 B = Non-inter-level travel time spent in this place.
 C = Inter-level travel time spent in this place.
 D = Time resting spent in this place.
 E = Time spent auto-exploring this place.
 F = Levels seen in this place.
 G = Mean time per level.
                   A        B        C        D        E       F      G
               +--------+--------+--------+--------+--------+-----+--------+
         Total |   1715 |   1656 |     59 |    258 |    917 |   2 |  857.5 |
       Dungeon |   1715 |   1656 |     59 |    258 |    917 |   2 |  857.5 |
               +--------+--------+--------+--------+--------+-----+--------+

Top non-repeatable levels by time:
     D:1: 1401 daAuts
     D:2: 313 daAuts
